Map: Berlingrad ER

Players

KindaBroken - Winner!

  • Race: Terran Terran

VOD

Have the link to the VOD?

Description

Time

  • Played on: Oct. 24, 2021, 2:48 a.m.
  • Length: 17:46
Show
View Real Time Build Order
Export as new Build Order

KindaBroken Terran - Winner!

Build Orders:  

Get SALT Encoding   

  12  0:01  SCV  
  13  0:18  SCV  
  14  0:32  Supply Depot  
  14  0:35  SCV  
  15  0:51  Refinery  
  15  1:13  Barracks  
  15  1:15  SCV  
  16  1:32  SCV  
  17  1:42  Engineering Bay  
  17  1:50  SCV  
  18  2:10  SCV  
  19  2:23  Command Center  
  19  2:26  Barracks Reactor  
  19  2:39  SCV  
  20  2:57  Orbital Command  
  20  3:16  Factory  
  20  3:21  Marine x2  
  22  3:40  SCV  
  23  3:55  Supply Depot  
  23  4:03  Marine x2  
  23  4:06  Refinery, SCV  
  26  4:12  Orbital Command  
  26  4:23  SCV  
  26  4:24  Supply Depot  
  26  4:29  Marine x2  
  29  4:45  SCV  
  30  5:07  Starport  
  30  5:23  Widow Mine  
  30  5:24  Widow Mine  
  30  5:31  Supply Depot  
  30  5:32  Orbital Command  
  34  5:54  Terran Infantry Weapons Level 1  
  34  5:56  Barracks Tech Lab  
  34  6:08  SCV  
  35  6:11  SCV  
  35  6:18  Stimpack  
  36  6:24  SCV  
  36  6:28  SCV  
  36  6:29  Widow Mine x2  
  38  6:31  Bunker  
  42  7:02  SCV x2  
  44  7:19  SCV  
  45  7:21  Barracks  
  45  7:24  Barracks  
  45  7:50  Factory Tech Lab  
  45  7:54  Marauder  
  45  7:59  Medivac x2  
  51  8:03  SCV x2  
  53  8:13  Refinery  
  53  8:24  Marauder  
  55  8:30  Barracks Reactor  
  55  8:34  Terran Infantry Armor Level 1  
  55  8:35  Marine  
  56  8:40  SCV  
  56  8:41  SCV  
  58  8:54  Marine  
  59  9:00  Marine  
  59  9:07  SCV  
  59  9:08  SCV  
  62  9:14  Supply Depot  
  62  9:18  Supply Depot  
  62  9:30  Barracks Reactor  
  62  9:31  Command Center  
  62  9:43  Supply Depot  
  62  9:44  Marine x3  
  65  10:09  Marine x2  
  67  10:16  Supply Depot  
  66  10:38  SCV x2  
  68  10:41  Marine x3  
  68  10:42  Marine x2  
  73  10:50  Supply Depot  
  73  10:51  Medivac x2  
  73  10:58  Siege Tank  
  80  11:01  SCV x2  
  82  11:25  Supply Depot  
  82  11:28  SCV  
  82  11:29  SCV  
  84  11:43  Siege Tank  
  84  11:48  Marine  
  84  11:49  Marine x3  
  91  11:51  Marauder  
  93  12:18  Reaper  
  94  12:21  SCV  
  94  12:22  SCV  
  96  12:31  Armory  
  94  13:18  SCV  
  94  13:19  SCV  
  94  13:20  Marine  
  94  13:21  Marine x4  
  99  13:48  Siege Tank  
  102  13:53  Medivac  
  102  13:54  Medivac  
  102  13:56  Marine x2  
  102  13:57  Marine  
  107  14:13  SCV x2  
  109  14:24  Orbital Command  
  109  14:29  Marine x4  
  88  14:30  Marine, SCV  
  115  15:05  Marine x3  
  115  15:06  Marine x2  
  120  15:10  Siege Tank  
  120  15:13  Medivac  
  125  15:23  Supply Depot  
  125  15:53  Medivac  
  127  16:07  Siege Tank x2  
  127  16:54  Marine x3  
  127  16:55  Marine x2  
  132  17:19  Marine  
  133  17:21  Supply Depot  
Tags
 
Add a new tag
Caveats
  • Supply blocks, unpowered buildings, or Contaminate may cause inaccurate times.
  • Supply counts are checked every 10 seconds.